Map: Moonlight Madness LE (Void)

Players

wabbajack - Winner!

  • Race: Zerg Zerg
  • League: Grandmaster

porDD

  • Race: Protoss Protoss
  • League: Grandmaster

VOD

Have the link to the VOD?

Description

Time

  • Played on: July 14, 2015, 12:47 p.m.
  • Length: 14:19
Show
View Real Time Build Order
Export as new Build Order

wabbajack Zerg - Winner!

Build Orders: Hatch First, Lurkers 

Get SALT Encoding   

  12  0:00  Drone  
  13  0:09  Drone  
  14  0:14  Extractor  
  14  0:15  Drone  
  15  0:42  Hatchery  
  14  0:47  Overlord  
  14  0:54  Extractor  
  14  0:55  Extractor  
  14  0:56  Drone  
  13  1:01  Drone  
  15  1:20  Spawning Pool  
  15  1:22  Drone  
  15  1:28  Drone  
  15  1:32  Drone  
  17  1:37  Drone  
  18  1:44  Drone  
  19  1:55  Drone  
  19  1:56  Drone  
  21  2:07  Queen  
  23  2:13  Queen  
  25  2:19  Metabolic Boost  
  25  2:32  Drone x2  
  25  2:33  Drone  
  28  2:37  Overlord  
  28  2:40  Overlord  
  28  2:46  Pneumatized Carapace  
  28  3:03  Zergling x10  
  33  3:07  Zergling x2  
  34  3:16  Zergling x2  
  34  3:17  Zergling x6  
  38  3:29  Overlord  
  38  3:30  Drone  
  38  3:31  Drone x4  
  40  4:40  Hatchery  
  34  5:01  Roach Warren  
  34  5:02  Lair, Extractor  
  32  5:07  Drone  
  32  5:08  Evolution Chamber, Drone x15, Extractor  
  46  5:23  Drone  
  47  5:29  Hatchery  
  47  5:35  Extractor  
  45  5:42  Overlord x3  
  45  5:43  Overlord  
  45  5:45  Zerg Missile Weapons Level 1  
  45  5:51  Evolution Chamber  
  44  5:59  Zergling x6  
  44  6:00  Zergling x8  
  44  6:01  Zergling x2  
  52  6:09  Drone x2  
  52  6:10  Drone  
  55  6:12  Glial Reconstitution  
  55  6:18  Hydralisk Den, Infestation Pit  
  54  6:20  Zerg Ground Armor Level 1  
  54  6:24  Drone x5  
  54  6:25  Drone x4  
  62  6:28  Queen  
  64  6:36  Spore Crawler  
  63  6:40  Spore Crawler  
  63  6:44  Spore Crawler  
  61  7:10  Drone x3, Extractor  
  61  7:11  Overlord x2  
  61  7:12  Hydralisk x2  
  61  7:13  Hydralisk, Roach x4  
  69  7:41  Extractor  
  69  7:43  Drone x2  
  69  7:44  Drone x6  
  71  7:45  Drone x2  
  71  7:51  Zerg Missile Weapons Level 2  
  77  7:53  Muscular Augments  
  77  7:54  Tunneling Claws  
  77  7:57  Burrow  
  77  7:59  Hive  
  77  8:00  Hydralisk  
  79  8:11  Queen  
  81  8:13  Overlord  
  81  8:14  Overlord  
  81  8:19  Zerg Ground Armor Level 2  
  81  8:22  Extractor  
  81  8:23  Extractor  
  79  8:31  Hydralisk  
  79  8:32  Hydralisk x4  
  89  8:49  Baneling Nest  
  89  8:50  Lurker Den  
  88  9:11  Adrenal Glands  
  88  9:19  Overlord x2  
  86  9:35  Spire  
  86  9:38  Roach x14  
  107  9:40  Zergling x2  
  107  9:41  Zergling x16  
  122  9:48  Drone x3  
  122  9:49  Drone x2  
  122  9:52  Drone  
  128  10:07  Zerg Melee Weapons Level 1  
  128  10:18  Overlord x4  
  128  10:41  Zerg Ground Armor Level 3  
  128  10:46  Ultralisk Cavern  
  128  10:47  Zerg Flyer Weapons Level 1, Corruptor  
  128  10:48  Corruptor x4  
  137  11:00  Lurker x3  
  137  11:01  Lurker  
  141  11:06  Overseer  
  141  11:07  Overseer  
  141  11:10  Roach x9  
  141  11:11  Roach x8  
  141  11:14  Roach x11  
  85  11:59  Roach  
  85  12:00  Roach x11  
  109  12:02  Roach x2  
  109  12:03  Roach x5  
  109  12:08  Roach x8  
  123  12:12  Roach x6  
  119  12:38  Hydralisk x3  
  125  12:54  Drone x9  
  134  13:02  Roach x2  
  89  13:26  Hydralisk x2  
  89  13:27  Roach x4  
Show
View Real Time Build Order
Export as new Build Order

porDD Protoss 

Build Orders:  

Get SALT Encoding   

  12  0:01  Probe  
  13  0:17  Probe  
  14  0:27  Pylon  
  14  0:48  Pylon  
  14  0:49  Probe (Chrono Boost)  
  15  0:59  Probe (Chrono Boost)  
  16  1:08  Nexus  
  16  1:22  Forge  
  16  1:25  Probe (Chrono Boost)  
  17  1:36  Probe (Chrono Boost)  
  17  1:39  Gateway  
  18  1:46  Probe (Chrono Boost)  
  19  1:51  Pylon  
  19  1:56  Probe (Chrono Boost)  
  20  2:03  Probe  
  21  2:09  Assimilator  
  21  2:12  Assimilator  
  21  2:16  Photon Cannon  
  21  2:20  Probe (Chrono Boost)  
  22  2:28  Cybernetics Core  
  23  2:31  Probe (Chrono Boost)  
  23  2:39  Probe (Chrono Boost)  
  24  2:49  Pylon  
  24  2:50  Probe (Chrono Boost), Zealot  
  27  2:56  Probe (Chrono Boost)  
  28  3:03  Probe (Chrono Boost)  
  30  3:07  Probe (Chrono Boost)  
  30  3:10  Warp Gate (Chrono Boost)  
  31  3:15  Probe (Chrono Boost)  
  31  3:18  Mothership Core (Chrono Boost)  
  33  3:22  Adept  
  33  3:26  Probe (Chrono Boost)  
  36  3:27  Pylon  
  38  3:35  Probe (Chrono Boost)  
  38  3:37  Probe (Chrono Boost)  
  38  3:42  Probe (Chrono Boost)  
  38  3:43  Pylon  
  38  3:44  Probe (Chrono Boost), Protoss Ground Weapons Level 1  
  38  3:47  Pylon  
  40  3:50  Assimilator  
  40  3:54  Probe (Chrono Boost)  
  41  4:02  Probe (Chrono Boost)  
  42  4:04  Probe (Chrono Boost)  
  42  4:06  Robotics Facility  
  43  4:12  Probe x2  
  38  4:24  Probe x2  
  38  4:25  Adept  
  37  5:13  Probe (Chrono Boost)  
  39  5:14  Probe (Chrono Boost)  
  39  5:24  Probe x2 (Chrono Boost)  
  39  5:28  Stargate  
  41  5:31  Assimilator  
  41  5:43  Probe x2 (Chrono Boost)  
  43  5:53  Gateway, Probe x2 (Chrono Boost)  
  43  5:56  Gateway  
  45  5:59  Gateway  
  45  6:00  Gateway  
  45  6:01  Probe  
  45  6:02  Probe, Gateway  
  45  6:03  Pylon  
  47  6:10  Robotics Bay  
  47  6:13  Probe  
  47  6:14  Probe  
  47  6:15  Oracle (Chrono Boost)  
  52  6:22  Observer  
  53  6:29  Protoss Ground Armor Level 1  
  53  6:35  Pylon  
  53  6:38  Probe x2  
  59  7:05  Photon Cannon  
  59  7:06  Stalker x3  
  59  7:07  Disruptor  
  65  7:18  Zealot x3  
  65  8:03  Extended Thermal Lance (Chrono Boost)  
  65  8:04  Colossus (Chrono Boost)  
  71  8:17  Stalker x2  
  71  8:18  Stalker x3  
  81  8:20  Photon Cannon  
  81  8:32  Probe  
  81  8:33  Probe  
  83  8:39  Stalker  
  85  8:45  Probe  
  86  8:51  Pylon  
  86  8:58  Colossus (Chrono Boost)  
  92  9:04  Stalker x4  
  100  9:15  Stalker x2  
  103  9:36  Probe  
  104  9:45  Warp Prism  
  106  9:55  Twilight Council  
  106  9:57  Gateway  
  106  9:58  Gateway  
  106  10:00  Stalker  
  106  10:01  Nexus  
  106  10:02  Gateway x2  
  106  10:06  Pylon  
  108  10:07  Pylon  
  108  10:16  Protoss Shields Level 1 (Chrono Boost)  
  108  10:32  Stalker x3  
  114  10:37  Photon Cannon  
  114  10:40  Gateway x2  
  114  10:48  Dark Shrine, Blink (Chrono Boost)  
  114  10:51  Colossus  
  114  10:53  Zealot  
  114  10:56  Disruptor  
  122  11:08  Stalker  
  124  11:16  Zealot x6  
  124  11:17  Zealot  
  85  11:48  Disruptor, Zealot x4  
  79  11:54  Probe (Chrono Boost)  
  80  12:01  Void Ray  
  80  12:04  Probe (Chrono Boost)  
  85  12:11  Probe (Chrono Boost)  
  89  12:17  Mothership Core (Chrono Boost), Probe (Chrono Boost)  
  89  12:19  Sentry x3  
  89  12:20  Stalker x3  
  89  12:21  Probe (Chrono Boost)  
  99  12:30  Probe (Chrono Boost), Disruptor  
  89  12:40  Probe (Chrono Boost)  
  89  12:43  Stalker x3  
  96  12:47  Probe  
  87  13:12  Stalker x3  
  87  13:13  Stalker x4  
  77  13:26  Zealot x4  
  81  13:30  Dark Templar  
  63  13:45  Cybernetics Core  
  63  13:47  Dark Templar  
  65  13:52  Dark Templar  
  65  14:00  Zealot  
Tags
 
Add a new tag
Caveats
  • Supply blocks, unpowered buildings, or Contaminate may cause inaccurate times.
  • Supply counts are checked every 10 seconds.